 Dungeon Crawl Stone Soup version 0.23-a0-395-gcf17ac6 (webtiles) character file.

36411 MTVSty1e the Severer (level 13, -9/128 HPs)
             Began as a Minotaur Fighter on Nov 1, 2018.
             Was the Champion of Okawaru.
             Mangled by a spriggan rider
             ... wielding a +0 spear
              (17 damage)
             ... on level 6 of the Lair of Beasts.
             The game lasted 00:30:54 (17522 turns).

MTVSty1e the Severer (Minotaur Fighter)            Turns: 17522, Time: 00:30:55

Health: -9/128     AC: 18    Str: 25    XL:     13   Next: 52%
Magic:  12/12      EV:  4    Int:  5    God:    Okawaru [******]
Gold:   634        SH: 13    Dex: 11    Spells: 12/12 levels left

rFire    + + +     SeeInvis +   K - +3 broad axe (freeze)
rCold    . . .     Gourm    .   c - +0 shield
rNeg     + . .     Faith    .   C - +5 plate armour {rPois}
rPois    +         Spirit   .   (helmet restricted)
rElec    .         Reflect  +   k - +0 cloak "Boamot" {rF+ rN+}
rCorr    .         Harm     .   E - +0 pair of gloves of the Hall of Blades {rPois rF+}
MR       .....                  (no boots)
Stlth    ..........             m - +4 amulet of reflection
HPRegen  0.31/turn              s - ring of protection from fire
MPRegen  0.13/turn              w - ring of see invisible

@: drained
A: retaliatory headbutt, horns 2
a: Heroism, Finesse, Renounce Religion


You were on level 6 of the Lair of Beasts.
You worshipped Okawaru.
Okawaru was exalted by your worship.
You were not hungry.

You visited 2 branches of the dungeon, and saw 17 of its levels.

You collected 1118 gold pieces.
You spent 484 gold pieces at shops.

Inventory:

Hand Weapons
 l - a +2 war axe of flaming
 H - a +2 eveningstar
 K - a +3 broad axe of freezing (weapon)
Armour
 c - a +0 shield (worn)
 k - the +0 cloak "Boamot" (worn) {rF+ rN+}
   (You bought it in a shop on level 10 of the Dungeon)

   It protects you from fire.
   It protects you from negative energy.
 C - a +5 plate armour of poison resistance (worn)
 E - the +0 pair of gloves of the Hall of Blades (worn) {rPois rF+}
   (You bought it in a shop on level 10 of the Dungeon)

   It protects you from fire.
   It protects you from poison.
Jewellery
 a - an uncursed ring of ice
 m - a +4 amulet of reflection (around neck)
 s - a ring of protection from fire (left hand)
 w - a ring of see invisible (right hand)
 y - a +1 ring of evasion
 O - a +4 ring of strength
Wands
 j - a wand of paralysis (4)
 o - a wand of clouds (6)
 q - a wand of iceblast (14)
 t - a wand of acid (8)
 v - a wand of flame (38)
 F - a wand of enslavement (8)
 I - a wand of disintegration (17)
 J - a wand of polymorph (11)
Scrolls
 b - 2 scrolls of immolation
 g - 4 scrolls of identify
 h - 3 scrolls of fear
 i - 3 scrolls of teleportation
 n - 7 scrolls of remove curse
 u - 5 scrolls of fog
 G - a scroll of magic mapping
 L - 2 scrolls of enchant armour
Potions
 d - 3 potions of might
 e - a potion of mutation
 p - 3 potions of curing
 r - 2 potions of ambrosia
 x - 4 potions of cancellation
 z - a potion of flight
 A - a potion of haste
 B - a potion of lignification
 D - 3 potions of agility
 M - a potion of brilliance
 N - a potion of berserk rage
Comestibles
 f - 19 rations


   Skills:
 + Level 15.7(15.5) Fighting
 * Level 20.7(20.5) Axes
 - Level 3.6(3.4) Armour
 - Level 3.6(3.4) Shields


You had 12 spell levels left.
You didn't know any spells.
Your spell library contained the following spells:

 Spells                   Type           Power        Failure   Level  Hunger
 Beastly Appendage        Tmut           #.....       100%        1    ##.....
 Infusion                 Chrm           #...         100%        1    ##.....
 Magic Dart               Conj           #...         100%        1    ##.....
 Sandblast                Erth           #.....       100%        1    ##.....
 Blink                    Tloc           N/A          100%        2    ###....
 Call Imp                 Summ           #.......     100%        2    ###....
 Passwall                 Tmut/Erth      #.......     100%        2    ###....
 Shroud of Golubria       Chrm/Tloc      #.........   100%        2    ###....
 Slow                     Hex            #.......     100%        2    ###....
 Song of Slaying          Chrm           #.......     100%        2    ###....
 Sticks to Snakes         Tmut           #.......     100%        2    ###....
 Conjure Flame            Conj/Fire      #.......     100%        3    ####...
 Mephitic Cloud           Conj/Pois/Air  #.......     100%        3    ####...
 Regeneration             Chrm/Necr      #.........   100%        3    ####...
 Spectral Weapon          Hex/Chrm       #.......     100%        3    ####...
 Spider Form              Tmut/Pois      #.........   100%        3    ####...
 Stone Arrow              Conj/Erth      #.....       100%        3    ####...
 Ice Form                 Ice/Tmut       #.......     100%        4    #####..
 Petrify                  Tmut/Erth      #.......     100%        4    #####..
 Blade Hands              Tmut           #.........   100%        5    ######.
 Bolt of Magma            Conj/Fire/Erth #.........   100%        5    ######.
 Iskenderun's Battlesphe  Conj/Chrm      #.......     100%        5    ######.
 Lee's Rapid Deconstruct  Erth           #.........   100%        5    ######.
 Venom Bolt               Conj/Pois      #.........   100%        5    ######.
 Iron Shot                Conj/Erth      #.........   100%        6    #######
 Orb of Destruction       Conj           #.........   100%        7    #######
 Spellforged Servitor     Conj/Summ      #.........   100%        7    #######


Dungeon Overview and Level Annotations

Branches:
Dungeon (11/15)            Temple (0/1) D:4            Lair (6/6) D:10
 Shoals (0/4) Lair:4        Snake (0/4) Lair:2        Slime (0/5) Lair:6
    Orc (0/2) D:10

Altars:
Ashenzari
Makhleb
Nemelex Xobeh
Okawaru
Sif Muna
Trog
Yredelemnul
Jiyva

Shops:
D:4 (*:(   D:9 [   D:10 [   D:11 =?*}

Portals:
Trove: D:11 (give horn of Geryon)

Annotations:
D:11 Harold
Lair:6 1 runed door


Innate Abilities, Weirdness & Mutations

You reflexively headbutt those who attack you in melee.
You have a pair of horns on your head.


Message History

The boggart mumbles some strange words.
The boggart blinks!
Your surroundings suddenly seem different.
A spriggan comes into view.
It is wielding a +0 rapier and wearing a +1 buckler The spriggan shouts!
You block the spriggan's attack. The spriggan blocks your attack.
Your headbutt misses the spriggan. You completely miss the spriggan.
The spriggan hits you but does no damage.
You miss the spriggan.
The spriggan rider shouts!
The spriggan hits you but does no damage.
The spriggan blocks your attack.
You slice the spriggan!! You freeze the spriggan!
You kill the spriggan!
Okawaru accepts your kill.
The spriggan rider hits you from afar with a +0 spear!!
* * * LOW HITPOINT WARNING * * *
The spriggan rider hits you with a +0 spear!
You die...

###...# ###......
.......#### #........
.......#..## ##.......
..........P###### #.......
##............##.###.......
#...............#.#........
#............).....).......
P.............#..#........
##.......@..)..##.........
#.....(.i......#####.....#
##.............#.# #.##..†#
#..............### # #....
##..P..........## #..##
♣#####.....#........# ##.
..P..#...##.####..### #.
.........#### #### #.
.......†.### ..


You could see a spriggan rider.

Vanquished Creatures
  5 hydras
  Erica (D:10)
  A two-headed ogre (D:11)
  Urug (D:11)
  6 elephants (Lair:6)
  A black mamba (Lair:1)
  Psyche (D:10)
  A gargoyle (D:11)
  8 spiny frogs
  3 rime drakes
  7 komodo dragons
  A troll (D:10)
  6 hornets
  3 polar bears (Lair:6)
  8 blink frogs
  A dream sheep (Lair:6)
  7 hippogriffs
  11 spriggans (Lair:6)
  Sigmund (D:6)
  25 yaks
  6 basilisks
  2 hungry ghosts (D:11)
  Menkaure (D:5)
  A soldier ant (D:11)
  11 water moccasins
  4 porcupines
  3 black bears (Lair:6)
  2 phantoms
  An eye of draining (D:11)
  7 orc warriors
  A necrophage (D:8)
  2 boggarts (Lair:6)
  29 wolves
  5 ogres
  A centaur (D:7)
  8 crocodiles
  3 big kobolds (D:10)
  2 gnoll sergeants (D:10)
  11 bullfrogs
  A wyvern zombie (D:7)
  5 scorpions
  2 wyvern skeletons
  15 killer bees
  14 wights
  5 howler monkeys
  3 electric eels (Lair:4)
  A bullfrog zombie (D:10)
  4 crimson imps
  A quasit (D:8)
  A bullfrog skeleton (D:11)
  3 centaur skeletons
  5 orc priests
  2 hounds
  6 jellies
  Crazy Yiuf (D:7)
  2 iguanas
  11 orc wizards
  6 worker ants
  A hound zombie (D:7)
  3 worker ant zombies
  10 gnolls
  A howler monkey zombie (D:5)
  17 adders
  2 shadow imps
  An adder zombie (D:5)
  9 oozes
  An adder skeleton (D:9)
  5 worms
  3 dart slugs
  14 leopard geckos
  45 orcs
  10 giant cockroaches
  6 goblins
  10 hobgoblins
  9 jackals
  5 quokkas
  A ball python (Lair:2)
  9 bats
  3 frilled lizards
  A jackal zombie (D:6)
  7 kobolds
  A leopard gecko zombie (D:9)
  9 rats
  A bush (Lair:6)
  2 fungi (Lair:6)
  A plant (Lair:2)
473 creatures vanquished.

Vanquished Creatures (others)
  A centaur (D:9)
  A bullfrog (D:11)
  16 fungi
  8 plants (Lair:6)
26 creatures vanquished.

Grand Total: 499 creatures vanquished

Notes
Turn   | Place    | Note
-------+----------+-------------------------------------------
     0 | D:1      | MTVSty1e the Minotaur Fighter began the quest for the Orb.
     0 | D:1      | Reached XP level 1. HP: 19/19 MP: 0/0
    84 | D:1      | Reached skill level 3 in Axes
   154 | D:1      | Reached XP level 2. HP: 27/27 MP: 1/1
   771 | D:2      | Reached skill level 4 in Axes
   771 | D:2      | Reached XP level 3. HP: 33/33 MP: 2/2
  1025 | D:2      | Found a deep blue altar of Sif Muna.
  1095 | D:2      | Reached XP level 4. HP: 41/41 MP: 3/3
  1120 | D:2      | Found an iron altar of Okawaru.
  1120 | D:2      | Found a bloodstained altar of Trog.
  1150 | D:2      | Found a sparkling altar of Nemelex Xobeh.
  1187 | D:2      | Became a worshipper of Warmaster Okawaru
  1534 | D:3      | Reached skill level 5 in Axes
  1859 | D:3      | Reached XP level 5. HP: 47/47 MP: 4/4
  1998 | D:3      | Reached skill level 5 in Fighting
  2423 | D:4      | Found Vedysm's Book Emporium.
  2447 | D:4      | Found Narhouq's General Store.
  2482 | D:4      | Noticed an ogre
  2488 | D:4      | Killed an ogre
  2488 | D:4      | Reached skill level 6 in Axes
  2606 | D:4      | Reached * piety under Okawaru
  2606 | D:4      | Reached XP level 6. HP: 33/56 MP: 5/5
  2772 | D:4      | Found Virphopn's Antique Weapon Shop.
  2818 | D:4      | Bought a potion of heal wounds for 60 gold pieces
  2992 | D:4      | Found a staircase to the Ecumenical Temple.
  3275 | D:4      | Found Nunaad's Weapon Emporium.
  3379 | D:5      | Entered Level 5 of the Dungeon
  3385 | D:5      | Reached skill level 7 in Axes
  3599 | D:5      | Reached XP level 7. HP: 43/64 MP: 6/6
  3604 | D:5      | Reached skill level 8 in Axes
  3695 | D:5      | Found a sparkling altar of Nemelex Xobeh.
  3836 | D:5      | Noticed Menkaure
  3843 | D:5      | Killed Menkaure
  4208 | D:5      | Identified the +2 robe of a Thousand Yaks {rF+ rC+ Slay+2}
                  | (You found it on level 5 of the Dungeon)
  4242 | D:6      | Reached skill level 9 in Axes
  4361 | D:6      | Reached ** piety under Okawaru
  4361 | D:6      | Reached XP level 8. HP: 55/73 MP: 7/7
  4507 | D:6      | Reached skill level 10 in Axes
  4764 | D:6      | Found a basalt altar of Yredelemnul.
  4818 | D:6      | Found a bloodstained altar of Trog.
  4849 | D:6      | Found a shattered altar of Ashenzari.
  5022 | D:6      | Noticed Sigmund
  5030 | D:6      | Killed Sigmund
  5251 | D:7      | Noticed a hornet
  5366 | D:6      | Reached skill level 11 in Axes
  5370 | D:6      | Reached *** piety under Okawaru
  5535 | D:6      | Reached XP level 9. HP: 26/82 MP: 5/8
  5863 | D:7      | Reached skill level 12 in Axes
  6507 | D:7      | Found a runed door.
  6577 | D:7      | Found a burning altar of Makhleb.
  6603 | D:7      | Noticed Crazy Yiuf
  6607 | D:7      | Killed Crazy Yiuf
  6673 | D:8      | Reached **** piety under Okawaru
  6734 | D:8      | Reached skill level 10 in Fighting
  7022 | D:8      | Reached skill level 13 in Axes
  7608 | D:8      | Reached XP level 10. HP: 85/93 MP: 9/9
  7960 | D:9      | Paralysed by a hornet for 3 turns
  7967 | D:9      | Paralysed by a hornet for 1 turns
  8071 | D:9      | Reached skill level 14 in Axes
  8356 | D:9      | Found Myulan's Antique Armour Shoppe.
  8827 | D:10     | Entered Level 10 of the Dungeon
  8862 | D:10     | Found a staircase to the Lair.
  8875 | D:10     | Reached ***** piety under Okawaru
  9396 | D:10     | Found a staircase to the Orcish Mines.
  9435 | D:10     | Reached skill level 15 in Axes
  9820 | D:10     | Found Viastroy's Armour Emporium.
  9826 | D:10     | Bought the +0 cloak "Boamot" {rF+ rN+} for 227 gold pieces
  9826 | D:10     | Bought the cursed +0 pair of gloves of the Hall of Blades
                  | {rPois rF+} for 197 gold pieces
  9955 | D:11     | Found a portal to a secret trove of treasure.
  9996 | D:11     | Noticed Urug
  9998 | D:11     | Noticed Psyche
 10000 | D:11     | Noticed Erica
 10016 | D:10     | Killed Psyche
 10016 | D:10     | Reached XP level 11. HP: 56/103 MP: 10/10
 10236 | D:11     | Killed Urug
 10236 | D:11     | Received a gift from Okawaru
 10271 | D:10     | Killed Erica
 10271 | D:10     | Reached skill level 16 in Axes
 10547 | D:11     | Found Casaonk's Gadget Emporium.
 10547 | D:11     | Found Kouripn's Assorted Antiques.
 10563 | D:11     | Found Bitear's Jewellery Emporium.
 10798 | D:11     | Found Veacvuh's Magic Scroll Emporium.
 10830 | D:11     | Noticed a two-headed ogre
 10848 | D:11     | Killed a two-headed ogre
 11060 | D:11     | Noticed Harold
 11246 | Lair:1   | Entered Level 1 of the Lair of Beasts
 11316 | Lair:1   | Reached skill level 17 in Axes
 12276 | Lair:2   | Found a staircase to the Snake Pit.
 12290 | Lair:2   | Reached XP level 12. HP: 115/115 MP: 11/11
 13056 | Lair:3   | Reached skill level 18 in Axes
 13176 | Lair:3   | Noticed a five-headed hydra
 13185 | Lair:3   | Killed a five-headed hydra
 13564 | Lair:3   | Reached ****** piety under Okawaru
 13866 | Lair:3   | Noticed a four-headed hydra
 13875 | Lair:3   | Killed a four-headed hydra
 14003 | Lair:4   | Noticed a six-headed hydra
 14017 | Lair:4   | Killed a six-headed hydra
 14278 | Lair:4   | Received a gift from Okawaru
 14520 | Lair:4   | Reached skill level 19 in Axes
 14615 | Lair:4   | Noticed a four-headed hydra
 14621 | Lair:4   | Killed a four-headed hydra
 14972 | Lair:4   | Found a staircase to the Shoals.
 16011 | Lair:6   | Entered Level 6 of the Lair of Beasts
 16054 | Lair:6   | Received a gift from Okawaru
 16056 | Lair:6   | Reached skill level 15 in Fighting
 16056 | Lair:6   | Reached XP level 13. HP: 56/126 MP: 12/12
 16412 | Lair:6   | Found a runed door.
 16412 | Lair:6   | Found a viscous altar of Jiyva.
 16412 | Lair:6   | Found a staircase to the Slime Pits.
 16483 | Lair:6   | Reached skill level 20 in Axes
 17082 | Lair:6   | Identified a scroll of acquirement
 17431 | Lair:6   | Received a gift from Okawaru
 17522 | Lair:6   | Mangled by a spriggan rider

Vault maps used:
D:1:      psy_arrival_dodecagon, nrook_mini_vaults, minmay_misc_feat_iff
D:2:      gammafunk_temple_overflow_elements, lemuel_crystal_altar,
          nemelex_altar_shiori
D:4:      minmay_temple_entry_butterflies, serial_shops, kennysheep_little_box,
          shop_fountains, nicolae_shop_window_shopping, shop,
          gup_sewer_entry_pipe
D:5:      first_ration, nemelex_spade_bored_becter, uniq_menkaure
D:6:      yredelemnul_altar_generic, nicolae_ashenzari_panopticon, basic_altar,
          sigmund_army
D:7:      kennysheep_mini_moat, uniq_crazy_yiuf_cottage
D:9:      serial_shops, shop, hangedman_little_slice_of_home
D:10:     lair_entry_dummy, kennysheep_orc_monster_closet_entryway,
          serial_shops, shop
D:11:     enter_trove_0, mrwooster_statue_mirror, minmay_shop_grid_forest,
          uniq_urug, uniq_psyche, uniq_erica, uniq_harold
Lair:1:   grunt_megastairs_2
Lair:2:   minmay_snake_entry_six_corridors
Lair:3:   serial_rivers, chequers_serial_rivers_micro_d,
          chequers_serial_rivers_marsh, chequers_serial_rivers_large_a,
          chequers_serial_rivers_micro_e
Lair:4:   elwin_shoals_entry_rooms, serial_bayou, serial_bayou_lagoon_a,
          serial_bayou_pond_c, serial_bayou_pond_d, serial_bayou_pond_d,
          serial_bayou_shore_a
Lair:5:   kennysheep_basilisk_garden
Lair:6:   minmay_lair_end_enchanted_forest, slime_altar_2, serial_bayou_shore_b

Skill      XL: |  1  2  3  4  5  6  7  8  9 10 11 12 13 |
---------------+----------------------------------------+-----
Axes           | 3 4 5 6 7 9 11 13 15 17 19 20 | 20.7
Fighting       | 4 5 6 7 8 10 12 13 15 | 15.7
Armour         | |  3.6
Shields        | |  3.6

Action                   |  1- 3 |  4- 6 |  7- 9 | 10-12 | 13-15 || total
-------------------------+-------+-------+-------+-------+-------++-------
Melee: War axe           |    92 |   171 |   257 |   654 |       ||  1174
       Headbutt          |    10 |    34 |    49 |   140 |    32 ||   265
       Eveningstar       |       |       |       |    22 |     4 ||    26
       Broad axe         |       |       |       |       |   163 ||   163
Invok: Heroism           |       |       |     3 |     2 |     2 ||     7
  Use: Scroll            |     8 |     2 |     6 |    11 |    13 ||    40
       Potion            |       |       |     2 |     3 |     1 ||     6
 Stab: Fleeing           |       |       |       |       |     1 ||     1
  Eat: Ration            |     1 |     2 |     3 |    10 |     1 ||    17
       Chunk             |       |       |     1 |     1 |       ||     2
Armor: Scale mail        |    16 |       |       |       |       ||    16
       Plate armour      |    28 |    66 |   119 |   323 |   107 ||   643
       Robe              |       |       |     3 |       |       ||     3
Dodge: Dodged            |    22 |    19 |    50 |   109 |    37 ||   237
Block: Shield            |    60 |   128 |   229 |   383 |   124 ||   924
       Reflection        |     2 |       |     2 |     9 |       ||    13

Table legend:
 A = Non-vault XP
 B = Vault XP
 C = Vault XP percentage of total XP
 D = Non-vault monster count
 E = Vault monster count
 F = Vault count percentage of total count
                 A         B        C        D         E       F
            +---------+---------+-------+---------+---------+-------
      Total |   39670 |   12347 |  23.7 |     376 |      94 |  20.0
            +---------+---------+-------+---------+---------+-------
        D:1 |      39 |       0 |   0.0 |      23 |       0 |   0.0
        D:2 |      76 |       0 |   0.0 |      20 |       0 |   0.0
        D:3 |     104 |       0 |   0.0 |      24 |       0 |   0.0
        D:4 |     283 |      21 |   6.9 |      10 |       8 |  44.4
        D:5 |     579 |     183 |  24.0 |      28 |       1 |   3.4
        D:6 |    1652 |     232 |  12.3 |      38 |       5 |  11.6
        D:7 |     780 |      39 |   4.8 |      18 |       1 |   5.3
        D:8 |    1625 |       0 |   0.0 |      34 |       0 |   0.0
        D:9 |    1072 |     164 |  13.3 |      23 |       8 |  25.8
       D:10 |    2119 |    2713 |  56.1 |      19 |      22 |  53.7
       D:11 |    3868 |     839 |  17.8 |      34 |       1 |   2.9
     Lair:1 |    3203 |       0 |   0.0 |      18 |       0 |   0.0
     Lair:2 |    2022 |     804 |  28.5 |      10 |      10 |  50.0
     Lair:3 |    4664 |       0 |   0.0 |      17 |       0 |   0.0
     Lair:4 |    5330 |       0 |   0.0 |      19 |       0 |   0.0
     Lair:5 |    1341 |     945 |  41.3 |       6 |       5 |  45.5
     Lair:6 |   10913 |    6407 |  37.0 |      35 |      33 |  48.5
            +---------+---------+-------+---------+---------+-------
